 Dungeon Crawl Stone Soup version 0.24-a0-779-g36f0aeb843 (webtiles) character file.

Game seed: 9419533336114542710, levelgen mode: deterministic

3005 Arixos the Magician (level 9, -5/45 HPs)
             Began as a Deep Elf Wizard on Oct 7, 2019.
             Was a Believer of Vehumet.
             Slain by a hornet (12 damage)
             ... on level 9 of the Dungeon on Oct 8, 2019.
             The game lasted 02:06:02 (12525 turns).

Arixos the Magician (Deep Elf Wizard)              Turns: 12525, Time: 02:06:03

Health: -5/45      AC: 11    Str:  4    XL:     9   Next: 54%
Magic:  27/37      EV: 14    Int: 27    God:    Vehumet [**....]
Gold:   519        SH:  0    Dex: 13    Spells: 11/23 levels left

rFire    . . .     SeeInvis +   x - staff of power
rCold    + . .     Gourm    .   (no shield)
rNeg     . . .     Faith    .   e - +2 leather armour {rC+}
rPois    .         Spirit   .   b - +1 hat
rElec    .         Reflect  .   C - +1 cloak {MR+}
rCorr    .         Harm     .   (no gloves)
MR       +....                  u - +2 pair of boots of the Assassin {Detection Stab+ Stlth++}
Stlth    +++++.....             (no amulet)
HPRegen  0.15/turn              i - ring of see invisible
MPRegen  0.25/turn              q - +1 ring of slaying

@: lethally poisoned (-5 -> -14), about to teleport, very slightly contaminated
A: no striking features
a: Renounce Religion


You were on level 9 of the Dungeon.
You worshipped Vehumet.
Vehumet was pleased with you.
You were not hungry.

You visited 2 branches of the dungeon, and saw 10 of its levels.

You collected 519 gold pieces.

Inventory:

Hand Weapons
 B - a +5 quarterstaff of chaos
Armour
 b - a +1 hat (worn)
 e - a +2 leather armour of cold resistance (worn)
 u - the +2 pair of boots of the Assassin (worn) {Detection Stab+ Stlth++}
   (You found it on level 4 of the Dungeon)

   It makes you much more stealthy.
 C - a +1 cloak of magic resistance (worn)
Magical Staves
 x - an uncursed staff of power (weapon)
Jewellery
 i - a ring of see invisible (left hand)
 q - a +1 ring of slaying (right hand)
Wands
 m - a wand of iceblast (5)
 p - a wand of digging (8)
 D - a wand of flame (26)
Scrolls
 c - 3 scrolls of magic mapping
 f - 7 scrolls of identify
 g - a scroll of fog {unknown}
 h - 2 scrolls of amnesia
 j - 3 scrolls of teleportation
 o - a scroll of fear {unknown}
 s - 2 scrolls of enchant weapon
 y - 3 scrolls of remove curse
Potions
 a - 2 potions of ambrosia {unknown}
 k - 2 potions of curing
 l - 3 potions of flight {unknown}
 n - 2 potions of agility {unknown}
 r - a potion of degeneration {unknown}
 t - a potion of berserk rage {unknown}
 v - 2 potions of mutation {unknown}
 w - 2 potions of haste {unknown}
 z - a potion of resistance {unknown}
Comestibles
 d - 16 rations
 A - a chunk of flesh


   Skills:
 + Level 6.0 Dodging
 + Level 6.4 Stealth
 + Level 7.5 Spellcasting
 + Level 5.1 Conjurations
 - Level 4.0 Summonings
 + Level 4.5 Necromancy
 - Level 4.0 Translocations
 - Level 4.0 Fire Magic
 - Level 3.0 Air Magic
 - Level 3.0 Poison Magic
 + Level 3.8 Evocations


You had 11 spell levels left.
You knew the following spells:

 Your Spells              Type           Power        Failure   Level  Hunger
a - Pain                  Necr           ####         1%          1    None
c - Mephitic Cloud        Conj/Pois/Air  ####....     6%          3    None
e - Blink                 Tloc           N/A          3%          2    None
f - Conjure Flame         Conj/Fire      ####....     4%          3    None
i - Call Imp              Summ           ####....     3%          2    None
A - Shock                 Conj/Air       ####         1%          1    None

Your spell library contained the following spells:

 Spells                   Type           Power        Failure   Level  Hunger
 Sting                    Conj/Pois      ####         1%          1    None
 Animate Skeleton         Necr           N/A          1%          1    None
 Magic Dart               Conj           ####         1%          1    None
 Vampiric Draining        Necr           ####......   4%          3    None
 Regeneration             Chrm/Necr      ###.......   12%         3    None
 Slow                     Hex            ##......     16%         2    None
 Animate Dead             Necr           N/A          16%         4    ##.....
 Bolt of Magma            Conj/Fire/Erth ####......   61%         5    ####...
 Leda's Liquefaction      Hex/Erth       ##........   69%         4    ##.....
 Iron Shot                Conj/Erth      ###.......   99%         6    ######.
 Statue Form              Tmut/Erth      ##.......    100%        6    ######.
 Shatter                  Erth           ##........   100%        9    #######


Dungeon Overview and Level Annotations

Branches:
Dungeon (9/15)             Temple (1/1) D:4
   Lair: D:8-11         Orc: D:9-12

Altars:
Ashenzari
Cheibriados
Dithmenos
Elyvilon
Fedhas
Gozag
Hepliaklqana
Kikubaaqudgha
Makhleb
Nemelex Xobeh
Okawaru
Qazlal
Ru
Sif Muna
Trog
Uskayaw
Vehumet
Wu Jian
Xom
Yredelemnul
Zin
The Shining One

Shops:
D:4 *   D:7 (

Annotations:
D:5 2 transporters


Message History

The jackal closely misses you.
Your white imp barely misses the hornet.
The jackal barely misses you. The hornet stings you!
* * * LOW HITPOINT WARNING * * *
You suddenly lose the ability to move!
The jackal bites you but does no damage.
The hornet stings you.
* * * LOW HITPOINT WARNING * * *
You are lethally poisoned!
You feel yourself slow down.
The jackal bites you but does no damage.
Your white imp barely misses the hornet.
The jackal bites you but does no damage.
You can move again.
As you read the scroll of teleportation, it crumbles to dust.
You feel strangely unstable.
You feel yourself speed up.
* * * LOW HITPOINT WARNING * * *
You feel sick. The hornet stings you!
You die...

..###......####...##.#
#......# #...#
#......# #...#
#......# #...#
#..รท5..# #...#
#......# #...#
#..55..# #...#
#...y..# #...#
#.$h@..# #...#
#...h..# #...#
#..h...# #....
#...)..# #......#
.......# ........#
###......#


You could see a hornet, 3 jackals, 2 friendly crimson imps and a friendly white
imp.

Vanquished Creatures
  Grum (D:7)
  Duvessa (D:7)
  An orc warrior (D:6)
  A wolf (D:7)
  2 ogres
  A big kobold (D:6)
  2 gnoll sergeants (D:7)
  4 bullfrogs
  A wyvern zombie (D:7)
  2 killer bees (D:9)
  3 electric eels (D:7)
  12 hounds
  A jelly (D:5)
  An orc priest (D:8)
  4 orc wizards
  2 gnoll shamans (D:7)
  An iguana (D:5)
  3 worker ants
  2 worker ant zombies
  20 gnolls
  6 adders
  A shadow imp (D:8)
  An ooze (D:1)
  3 worms
  2 dart slugs (D:1)
  4 leopard geckos
  10 orcs
  4 bats (D:1)
  3 giant cockroaches
  4 goblins
  5 hobgoblins
  14 jackals
  3 quokkas
  A frilled lizard (D:2)
  17 kobolds
  A leopard gecko skeleton (D:4)
  A leopard gecko zombie (D:5)
  5 rats
150 creatures vanquished.

Vanquished Creatures (collateral kills)
  3 ogres
  A necrophage (D:7)
  A wolf (D:7)
  A big kobold (D:7)
  A bullfrog (D:7)
  A gnoll sergeant (D:7)
  A water moccasin skeleton (D:6)
  Dowan (D:7)
  4 killer bees (D:9)
  A howler monkey (D:6)
  A crimson imp (D:5)
  A hound (D:6)
  Crazy Yiuf (D:6)
  An orc priest (D:6)
  A bullfrog skeleton (D:5)
  An orc wizard (D:7)
  Natasha (thrice) (D:2)
  2 worker ants
  8 gnolls (D:7)
  6 adders
  An adder zombie (D:6)
  3 adder skeletons
  A worm (D:4)
  8 orcs (D:6)
  A giant cockroach (D:6)
  A ball python skeleton (D:4)
  2 kobolds (D:7)
57 creatures vanquished.

Grand Total: 207 creatures vanquished

Notes
Turn   | Place    | Note
-------+----------+-------------------------------------------
     0 | D:1      | Arixos the Deep Elf Wizard began the quest for the Orb.
     0 | D:1      | Reached XP level 1. HP: 10/10 MP: 7/7
   212 | D:1      | Reached XP level 2. HP: 15/15 MP: 4/9
   216 | D:1      | Learned a level 2 spell: Blink
   219 | D:1      | Learned a level 2 spell: Call Imp
   226 | D:1      | Found a shimmering altar of Xom.
   801 | D:1      | Reached XP level 3. HP: 19/19 MP: 7/11
   812 | D:1      | Learned a level 3 spell: Conjure Flame
   816 | D:1      | Learned a level 3 spell: Mephitic Cloud
  1391 | D:2      | Noticed Natasha
  1416 | D:2      | Killed Natasha
  1918 | D:2      | Found a glowing golden altar of the Shining One.
  2087 | D:2      | Reached XP level 4. HP: 24/24 MP: 2/12
  2452 | D:2      | Noticed Natasha
  2513 | D:2      | Killed Natasha
  2513 | D:2      | Reached skill level 1 in Poison Magic
  2552 | D:2      | Noticed Natasha
  2562 | D:2      | Killed Natasha
  2843 | D:3      | Reached skill level 5 in Spellcasting
  3597 | D:4      | Found a stormy altar of Qazlal.
  3658 | D:4      | Reached skill level 1 in Fire Magic
  3658 | D:4      | Reached XP level 5. HP: 16/28 MP: 0/14
  3767 | D:4      | Found Huakh's Assorted Antiques.
  3798 | D:4      | Found the +2 pair of boots of the Assassin {Detection Stab+
                  | Stlth++}
  3852 | D:4      | Found a glowing silver altar of Zin.
  4163 | D:4      | Reached skill level 1 in Air Magic
  4408 | D:4      | Found a staircase to the Ecumenical Temple.
  4417 | Temple   | Entered the Ecumenical Temple
  4581 | Temple   | Became a worshipper of Vehumet
  4677 | D:4      | Noticed an ogre
  4709 | D:4      | Learned a level 1 spell: Pain
  4756 | D:4      | Killed an ogre
  4994 | D:5      | Entered Level 5 of the Dungeon
  4997 | D:5      | Noticed an ice beast
  5000 | D:5      | Noticed a centaur
  5000 | D:5      | Noticed an ogre
  5179 | D:5      | Found an opulent altar of Gozag.
  5179 | D:5      | Found a transporter.
  5180 | D:5      | Noticed an ogre
  5185 | D:5      | Found a transporter.
  5203 | D:5      | Reached XP level 6. HP: 32/32 MP: 8/15
  5586 | D:6      | Noticed an orc warrior
  5636 | D:6      | Reached skill level 1 in Necromancy
  5640 | D:6      | Killed an orc warrior
  6199 | D:5      | Found a white marble altar of Elyvilon.
  6405 | D:5      | Reached XP level 7. HP: 36/36 MP: 3/17
  7298 | D:6      | Reached skill level 1 in Evocations
  7747 | D:6      | Found a runed translucent door.
  7748 | D:6      | Noticed Crazy Yiuf
  7778 | D:6      | Killed Crazy Yiuf
  8103 | D:7      | Found a glowing silver altar of Zin.
  8107 | D:7      | Noticed Duvessa
  8107 | D:7      | Noticed Dowan
  8125 | D:7      | Killed Dowan
  8146 | D:7      | Killed Duvessa
  8280 | D:7      | Reached * piety under Vehumet
  8280 | D:7      | Offered knowledge of Shock by Vehumet.
  8280 | D:7      | Reached skill level 6 in Spellcasting
  8311 | D:7      | Reached XP level 8. HP: 41/41 MP: 1/19
  8840 | D:7      | Noticed Grum
  8872 | D:7      | Killed Grum
  9034 | D:7      | Found Jaommiq's Antique Weapon Shop.
  9058 | D:7      | Found a sparkling altar of Nemelex Xobeh.
  9203 | D:6      | Learned a level 1 spell: Shock
  9222 | D:6      | Reached skill level 5 in Stealth
 10139 | D:7      | Reached skill level 5 in Dodging
 10707 | D:7      | Reached XP level 9. HP: 38/45 MP: 11/21
 10908 | D:7      | Offered knowledge of Sting by Vehumet.
 11110 | D:7      | Reached ** piety under Vehumet
 11317 | D:7      | Reached skill level 7 in Spellcasting
 12300 | D:9      | Reached skill level 5 in Conjurations
 12523 | D:9      | Paralysed by a hornet for 2 turns
 12525 | D:9      | Slain by a hornet

Levels and vault maps discovered:
D:1:      evilmike_arrival_run_for_it, layout_basic, xom_teletrap_fun
D:2:      layout_loops_ring, tso_metal_star, kennysheep_generic_room_12,
          uniq_natasha
D:3:      layout_loops_cross
D:4:      layout_basic, nicolae_qazlal_general_emergency, kennysheep_mini,
          lemuel_temple_firewalk_b, first_ration, serial_shops, shop,
          feat_on_display
D:5:      layout_basic, gammafunk_temple_overflow_arena, elyvilon_altar_5,
          abandoned_shop
D:6:      layout_basic, uniq_crazy_yiuf_cottage
D:7:      layout_cave_pools, lemuel_round_altar, serial_gnoll_camp,
          gnoll_camp_huts_moat, gnoll_camp_medium_02, gnoll_camp_mini_shop,
          grums_kennel, basic_altar, grunt_ogre_cave, uniq_duvessa
D:8:      layout_basic
D:9:      layout_long_grid, erik_lair_orcish_takeover, kennysheep_diamond
Temple:   regret_index_temple_sphere_string

Skill      XL: |  1  2  3  4  5  6  7  8  9 |
---------------+----------------------------+-----
Stealth        | 3 4 5 6 |  6.4
Dodging        | 3 4 5 6 |  6.0
Conjurations   | 2 3 4 5 |  5.1
Poison Magic   | 1 2 3 |  3.0
Spellcasting   | 5 6 7 |  7.5
Fire Magic     | 1 2 3 4 |  4.0
Translocations | 2 3 4 |  4.0
Summonings     | 2 3 4 |  4.0
Air Magic      | 1 2 3 |  3.0
Necromancy     | 1 2 3 4 |  4.5
Evocations     | 1 2 3 |  3.8

Action                   |  1- 3 |  4- 6 |  7- 9 || total
-------------------------+-------+-------+-------++-------
Melee: Whip              |     9 |    24 |     9 ||    42
       Quarterstaff      |       |       |    34 ||    34
       Staff             |       |       |     1 ||     1
 Cast: Magic Dart        |   104 |   101 |    23 ||   228
       Call Imp          |     6 |    46 |    85 ||   137
       Blink             |     2 |     2 |    11 ||    15
       Conjure Flame     |     1 |    12 |    12 ||    25
       Pain              |       |    20 |   141 ||   161
       Mephitic Cloud    |       |     3 |    14 ||    17
       Shock             |       |       |   117 ||   117
Evoke: Wand              |       |       |     6 ||     6
  Use: Potion            |       |     2 |     4 ||     6
       Scroll            |       |     5 |     9 ||    14
 Stab: Sleeping          |       |       |     2 ||     2
       Distracted        |       |       |     1 ||     1
  Eat: Chunk             |     3 |    10 |    16 ||    29
       Ration            |       |     1 |     1 ||     2
Armor: Robe              |     2 |     8 |     3 ||    13
       Skin              |       |     7 |       ||     7
       Leather armour    |       |       |    75 ||    75
Dodge: Dodged            |    12 |    48 |   144 ||   204

Table legend:
 A = Non-vault XP
 B = Vault XP
 C = Vault XP percentage of total XP
 D = Non-vault monster count
 E = Vault monster count
 F = Vault count percentage of total count
                 A         B        C        D         E       F
            +---------+---------+-------+---------+---------+-------
      Total |    2597 |    1696 |  39.5 |     155 |      52 |  25.1
            +---------+---------+-------+---------+---------+-------
        D:1 |      49 |       5 |   9.3 |      26 |       1 |   3.7
        D:2 |      87 |      18 |  17.1 |      17 |       1 |   5.6
        D:3 |      24 |       0 |   0.0 |      11 |       0 |   0.0
        D:4 |     178 |       0 |   0.0 |      15 |       0 |   0.0
        D:5 |     174 |       0 |   0.0 |      14 |       0 |   0.0
        D:6 |     624 |      31 |   4.7 |      28 |       2 |   6.7
        D:7 |     802 |    1642 |  67.2 |      26 |      48 |  64.9
        D:8 |     366 |       0 |   0.0 |      11 |       0 |   0.0
        D:9 |     293 |       0 |   0.0 |       7 |       0 |   0.0
            +---------+---------+-------+---------+---------+-------
